 Dungeon Crawl Stone Soup version 0.28.0 (webtiles) character file.

Game seed: 16050774692766699860

16370 Ajdolov the Fencer (level 12, -17/91 HPs)
             Began as a Formicid Fighter on Feb 13, 2022.
             Was a Believer of Uskayaw.
             Demolished by a reaper (20 damage)
             ... in an ice cave.
             The game lasted 00:32:01 (15529 turns).

Ajdolov the Fencer (Formicid Fighter)              Turns: 15529, Time: 00:32:02

Health: -17/91     AC: 16    Str: 25    XL:     12   Next: 69%
Magic:  20/20      EV:  6    Int:  9    God:    Uskayaw [**....]
Gold:   587        SH:  4    Dex: 10    Spells: 11/11 levels left

rFire   . . .      SeeInvis +   d - +1 scimitar (flame)
rCold   . . .      Faith    .   c - +0 buckler
rNeg    . . .      Spirit   .   a - +0 plate armour
rPois   .          Reflect  .   (helmet unavailable)
rElec   .          Harm     .   (no cloak)
rCorr   .          Rampage  .   (no gloves)
Will    +....                   s - +0 pair of boots
Stlth   ..........              m - amulet of regeneration
HPRegen 1.05/turn               g - +4 ring of protection
MPRegen 0.17/turn               (no ring)

@: no status effects
A: permanent stasis, dig shafts and tunnels, antennae 3, four strong arms
a: Dig, Renounce Religion, Stomp, Line Pass


You were in an ice cave.
You worshipped Uskayaw.
Uskayaw was aware of your devotion.
You visited 3 branches of the dungeon, and saw 14 of its levels.
You also visited: Ice Cave.

You collected 611 gold pieces.
You spent 24 gold pieces at shops.

Inventory:

Hand Weapons
 d - a +1 scimitar of flaming (weapon)
 A - a +2 triple sword of venom
 E - a +2 quick blade of freezing
Missiles
 f - 3 silver boomerangs (quivered)
Armour
 a - a +0 plate armour (worn)
 c - a +0 buckler (worn)
 s - a +0 pair of boots (worn)
Jewellery
 g - a +4 ring of protection (left hand)
 m - an amulet of regeneration (around neck)
Wands
 b - a wand of iceblast (10)
 u - a wand of digging (5)
 v - a wand of flame (21)
Scrolls
 e - a scroll of silence
 i - a scroll of identify
 j - 3 scrolls of noise
 k - a scroll of brand weapon
 o - a scroll of holy word
 p - 2 scrolls of enchant armour
 r - 5 scrolls of immolation
 y - a scroll of teleportation
Potions
 h - 4 potions of lignification
 n - 4 potions of brilliance
 q - a potion of ambrosia {unknown}
 t - 2 potions of mutation
 w - a potion of haste
 x - a potion of attraction
 B - a potion of magic {unknown}
 D - a potion of resistance {unknown}


   Skills:
 - Level 7.1 Fighting
 * Level 15.9 Long Blades
 - Level 3.2 Armour
 - Level 3.6 Shields
 + Level 11.3 Invocations
 + Level 4.1 Evocations


You had 11 spell levels left.
You didn't know any spells.
Your spell library contained the following spells:

 Spells                   Type           Power      Damage    Failure   Level
 Apportation              Tloc           0%         N/A       100%        1
 Freeze                   Ice            0%         1d3       100%        1
 Corpse Rot               Necr/Air       0%         N/A       100%        2
 Poisonous Vapours        Pois/Air       0%         N/A       100%        2
 Frozen Ramparts          Ice            0%         1d2       100%        3
 Gell's Gravitas          Tloc           0%         N/A       100%        3
 Portal Projectile        Hex/Tloc       0%         N/A       100%        3
 Teleport Other           Tloc           0%         N/A       100%        3
 Tukima's Dance           Hex            0%         N/A       100%        3
 Hailstorm                Conj/Ice       0%         3d3       100%        4
 Ice Form                 Ice/Tmut       0%         N/A       100%        4
 Passage of Golubria      Tloc           0%         N/A       100%        4
 Alistair's Intoxication  Tmut/Pois      0%         N/A       100%        5
 Blade Hands              Tmut           0%         N/A       100%        5
 Excruciating Wounds      Necr           0%         N/A       100%        5
 Yara's Violent Unravell  Hex/Tmut       0%         3d3       100%        5
 Dispersal                Tloc           0%         N/A       100%        6
 Simulacrum               Ice/Necr       0%         N/A       100%        6


Dungeon Overview and Level Annotations

Branches:
Dungeon (11/15)            Temple (1/1) D:5            Lair (2/6) D:9
    Orc (0/2) D:9           IceCv (1/1)
  Swamp: Lair:2-4    Shoals: Lair:2-4     Snake: Lair:2-4    Spider: Lair:2-4

Altars:
Ashenzari
Fedhas
Gozag
Okawaru
Qazlal
Ru
Trog
Uskayaw
Wu Jian
Xom
Yredelemnul
Zin

Shops:
D:1 *   D:6 :


Innate Abilities, Weirdness & Mutations

You cannot be hasted, slowed, berserked, paralysed or teleported.
You can dig through walls and to a lower floor.
You have a pair of large antennae on your head. (SInv)
Your four strong arms can wield two-handed weapons with a shield.


Message History

The reaper hits you with a +0 scythe of freezing.
* * * LOW HITPOINT WARNING * * *
The reaper freezes you.
* * * LOW HITPOINT WARNING * * *
It was a potion of heal wounds.
You feel much better. The reaper barely misses you.
You slash the reaper! You burn the reaper.
The reaper is moderately wounded.
You can now pass through a line of other dancers.
You slash the reaper! You burn the reaper.
The reaper is severely wounded.
The reaper hits you with a +0 scythe of freezing!!!
* * * LOW HITPOINT WARNING * * *
The reaper freezes you.
* * * LOW HITPOINT WARNING * * *
You feel much better. The reaper hits you but does no damage.
You hit the reaper. You burn the reaper.
The reaper is severely wounded.
The reaper hits you with a +0 scythe of freezing!
* * * LOW HITPOINT WARNING * * *
The reaper freezes you.
* * * LOW HITPOINT WARNING * * *
You feel much better.
The reaper smiles without lips.
The reaper hits you with a +0 scythe of freezing!
* * * LOW HITPOINT WARNING * * *
The reaper freezes you!
* * * LOW HITPOINT WARNING * * *
You barely miss the reaper.
The reaper is severely wounded.
The reaper hits you with a +0 scythe of freezing!
* * * LOW HITPOINT WARNING * * *
The reaper freezes you.
* * * LOW HITPOINT WARNING * * *
You closely miss the reaper.
The reaper is severely wounded.
You hit the reaper. You burn the reaper.
The reaper is severely wounded.
The reaper hits you with a +0 scythe of freezing!!
You die...

##.....# #####
#....## ##...##
##..## ##.....#
#...## #......##
##...#
###.......####..##
##.#...##..##≈##..#
#..##..#....#≈≈#..#
##@.#.##.#...≈≈...#
#.#2.#.#..##..#≈#...
#...§°§§§§§#..###...
#:.....☼§.○§§§☼..#
#..#
#(.#..####☼☼☼#§..#
##.# ##
#......§§§#...# ##..
##.....§§§#...###...
#...#.§###....##...
#..#§##.○○§§.##...


You could see a reaper.

Vanquished Creatures
  Erica (D:11)
  A two-headed ogre (D:10)
  Urug (Lair:1)
  2 ice statues (IceCv)
  A black mamba (Lair:2)
  A gargoyle (D:11)
  3 cane toads
  4 ice devils (IceCv)
  A komodo dragon (Lair:2)
  A freezing wraith (IceCv)
  2 polar bears
  7 blink frogs (Lair:1)
  22 yaks
  Sigmund (D:6)
  A vampire (D:9)
  A spriggan (Lair:2)
  2 wyverns
  A wraith (D:9)
  Eustachio (D:8)
  A shadow (D:10)
  A steam dragon (D:7)
  2 acid dragons
  A harpy simulacrum (IceCv)
  6 water moccasins
  Duvessa (D:6)
  A black bear (Lair:2)
  An orc warrior (D:7)
  A sky beast (D:6)
  3 ice beasts
  3 centaurs
  4 ogres
  3 wolves (Lair:2)
  A phantom (D:5)
  Blork the orc (D:8)
  8 bullfrogs
  A scorpion (D:5)
  A water moccasin zombie (D:6)
  A cane toad simulacrum (IceCv)
  2 two-headed ogre simulacra (IceCv)
  Dowan (D:6)
  3 elephant simulacra (IceCv)
  2 wights
  6 killer bees
  A howler monkey (D:6)
  An electric eel (Lair:1)
  4 jellies
  2 centaur zombies
  2 orc priests
  A gnoll shaman (D:6)
  5 hounds
  A centaur skeleton (D:7)
  3 iguanas
  4 orc wizards
  3 spriggan simulacra (IceCv)
  4 troll simulacra (IceCv)
  2 wolf simulacra (IceCv)
  2 howler monkey zombies
  3 gnolls
  5 adders
  3 naga simulacra (IceCv)
  2 white imps
  3 ufetubi
  A worm (D:3)
  2 dart slugs (D:5)
  25 orcs
  8 ball pythons
  2 endoplasms
  4 giant cockroaches
  2 goblins
  3 hobgoblins
  3 jackals (D:5)
  2 quokkas
  6 bats
  2 frilled lizards
  4 kobolds
  7 rats (D:1)
231 creatures vanquished.

Vanquished Creatures (others)
  A bullfrog (D:7)
  A jelly (D:7)
  4 fungi
  2 plants (D:9)
  A withered plant (D:1)
9 creatures vanquished.

Grand Total: 240 creatures vanquished

Notes
Turn   | Place    | Note
-------+----------+-------------------------------------------
     0 | D:1      | Ajdolov the Formicid Fighter began the quest for the Orb.
     0 | D:1      | Reached XP level 1. HP: 18/18 MP: 1/1
   189 | D:1      | Reached XP level 2. HP: 24/24 MP: 2/2
   307 | D:1      | Found a faded altar of an unknown god.
   343 | D:1      | Reached skill level 3 in Long Blades
   556 | D:1      | Found Lylosugo's General Store.
   581 | D:1      | Bought a scroll of identify for 24 gold pieces
   913 | D:2      | Reached XP level 3. HP: 21/29 MP: 3/3
  1180 | D:2      | Reached skill level 4 in Long Blades
  1180 | D:2      | Reached XP level 4. HP: 23/35 MP: 4/4
  1430 | D:2      | Found an ornate altar of the Wu Jian Council.
  2141 | D:3      | Reached XP level 5. HP: 33/41 MP: 5/5
  2338 | D:3      | Reached skill level 5 in Long Blades
  3012 | D:4      | Reached XP level 6. HP: 44/47 MP: 6/6
  3237 | D:4      | Reached skill level 6 in Long Blades
  3538 | D:5      | Entered Level 5 of the Dungeon
  3556 | D:5      | Found a staircase to the Ecumenical Temple.
  3563 | Temple   | Entered the Ecumenical Temple
  3590 | Temple   | Became a worshipper of Uskayaw the Reveller
  3624 | D:5      | Reached * piety under Uskayaw
  3702 | D:5      | Reached ** piety under Uskayaw
  3826 | D:5      | Reached skill level 7 in Long Blades
  3826 | D:5      | Reached XP level 7. HP: 51/52 MP: 7/7
  4037 | D:5      | Found Roizusch's Weapon Shoppe.
  4828 | D:6      | Reached skill level 8 in Long Blades
  4889 | D:6      | Reached XP level 8. HP: 51/58 MP: 8/8
  5092 | D:6      | Reached skill level 9 in Long Blades
  5200 | D:6      | Found Otiorafo's Book Emporium.
  5304 | D:6      | Noticed Sigmund
  5332 | D:6      | Killed Sigmund
  5361 | D:6      | Reached skill level 10 in Long Blades
  5445 | D:6      | Reached *** piety under Uskayaw
  5950 | D:6      | Noticed Duvessa
  5951 | D:6      | Noticed Dowan
  5963 | D:6      | Killed Duvessa
  5964 | D:6      | Reached XP level 9. HP: 49/64 MP: 9/9
  5967 | D:6      | Killed Dowan
  6196 | D:7      | Reached skill level 11 in Long Blades
  6226 | D:6      | Reached **** piety under Uskayaw
  6451 | D:6      | Reached skill level 12 in Long Blades
  6808 | D:7      | Found a shimmering altar of Xom.
  7460 | D:7      | Reached skill level 13 in Long Blades
  7460 | D:7      | Reached XP level 10. HP: 70/70 MP: 10/10
  8345 | D:8      | Reached skill level 1 in Invocations
  9135 | D:8      | Noticed Blork the orc
  9148 | D:8      | Killed Blork the orc
  9279 | D:8      | Noticed Eustachio
  9324 | D:8      | Killed Eustachio
  9325 | D:8      | Reached skill level 14 in Long Blades
 10056 | D:9      | Found a staircase to the Lair.
 10091 | D:9      | Found a staircase to the Orcish Mines.
 10802 | D:9      | Reached skill level 5 in Invocations
 11065 | D:10     | Entered Level 10 of the Dungeon
 11083 | D:10     | Noticed a two-headed ogre
 11580 | D:10     | Reached XP level 11. HP: 78/78 MP: 15/15
 11589 | D:10     | Reached ***** piety under Uskayaw
 11591 | D:10     | Reached skill level 5 in Fighting
 11913 | D:10     | Found a broken altar of Ashenzari.
 11918 | D:10     | Found a glowing silver altar of Zin.
 11918 | D:10     | Found an opulent altar of Gozag.
 12634 | D:10     | Killed a two-headed ogre
 12863 | D:11     | Noticed Erica
 12886 | D:11     | Killed Erica
 12928 | D:11     | Noticed a purple ugly thing
 12995 | Lair:1   | Entered Level 1 of the Lair of Beasts
 13227 | Lair:1   | Noticed Urug
 13253 | Lair:1   | Killed Urug
 13511 | Lair:1   | Reached skill level 10 in Invocations
 13743 | Lair:1   | Reached XP level 12. HP: 78/91 MP: 19/19
 13744 | Lair:1   | Reached skill level 15 in Long Blades
 13879 | Lair:1   | Reached skill level 1 in Evocations
 14546 | Lair:2   | Found a frozen archway.
 14554 | Lair:2   | Noticed a four-headed hydra
 14556 | IceCv    | Entered an ice cave
 15510 | IceCv    | Noticed a reaper
 15527 | IceCv    | HP: 4/91 [reaper (15)]
 15529 | IceCv    | Demolished by a reaper

Illustrated notes

Levels and vault maps discovered:
D:1:      ebering_hopf_link, layout_loops_ring, shapermc_ecumenical_altar_gd,
          serial_shops, nicolae_shop_waterfront, chequers_serial_rivers_small_a
D:2:      layout_loops_ring, basic_altar, st_stairs_10
D:3:      layout_basic
D:4:      layout_rooms, eino_tiny_chamber
D:5:      layout_layer_cave, minmay_temple_entry_mini_moons, serial_shops,
          kennysheep_mini, minmay_between
D:6:      layout_basic, serial_shops, shop, uniq_duvessa, uniq_sigmund
D:7:      layout_rooms, xom_confusion_cloud
D:8:      layout_gridville, grunt_ogre_cave, sword_in_stone
D:9:      layout_irregular_city, dpeg_oklobed_lair, david_orc_2
D:10:     layout_basic, nicolae_overflow_hidden_temple
D:11:     layout_rooms, serial_shops, nicolae_shop_stone, uniq_erolcha,
          uniq_erica
Temple:   regret_index_temple_mists
Lair:1:   layout_cave_pods, small_statue_intersection, lemuel_fruit_tree,
          infiniplex_staircase_pool, uniq_urug
Lair:2:   layout_loops_ring, portal_ice_cave_entry_pillars_1, serial_rivers,
          chequers_serial_rivers_micro_e, chequers_serial_rivers_marsh,
          chequers_serial_rivers_micro_b, chequers_serial_rivers_large_b,
          chequers_serial_rivers_micro_e, chequers_serial_rivers_room_b,
          forest_entry_grove
IceCv:    ice_cave_small_demon

Skill      XL: |  1  2  3  4  5  6  7  8  9 10 11 12 |
---------------+-------------------------------------+-----
Long Blades    | 3 4 5 7 8 10 13 14 15 | 15.9
Invocations    | 6 10 11 | 11.3
Fighting       | 4 7 |  7.1
Evocations     | 4 |  4.1
Armour         | |  3.2
Shields        | |  3.6

Action                   |  1- 3 |  4- 6 |  7- 9 | 10-12 || total
-------------------------+-------+-------+-------+-------++-------
Melee: Long sword        |    79 |   111 |   259 |    93 ||   542
       Great sword       |       |       |       |    74 ||    74
       Triple sword      |       |       |       |   218 ||   218
       Scimitar          |       |       |       |   136 ||   136
Throw: Throwing net      |       |       |       |     1 ||     1
Invok: Line Pass         |       |       |       |     1 ||     1
 Abil: Dig               |       |       |       |     3 ||     3
Evoke: Wand              |       |       |     3 |    14 ||    17
  Use: Scroll            |     1 |       |     3 |    15 ||    19
       Potion            |       |       |     1 |     6 ||     7
 Stab: Paralysed         |       |       |     4 |    13 ||    17
Armor: Scale mail        |    45 |    54 |    15 |       ||   114
       Chain mail        |       |       |   114 |   145 ||   259
       Plate armour      |       |       |       |   135 ||   135
Dodge: Dodged            |    49 |    37 |    83 |   144 ||   313
Block: Buckler           |    24 |    26 |    49 |    95 ||   194
